 Dungeon Crawl Stone Soup version 0.17-a0-1197-g2d00c63 (console) character file.

104 lauthentik the Sneak (level 4, 0/33 HPs)
             Began as a Vampire Assassin on June 2, 2015.
             Slain by a gnoll
             ... wielding a +0 spear
              (3 damage)
             ... on level 3 of the Dungeon.
             The game lasted 00:08:22 (2277 turns).

lauthentik the Sneak (Vampire Assassin)             Turns: 2277, Time: 00:08:22

Health: 0/33       AC:  5    Str: 10    XL:     4   Next: 52%
Magic:  4/4        EV: 13    Int: 14    God:
Gold:   69         SH:  0    Dex: 15    Spells: 0 memorised, 3 levels left

rFire  . . .     SeeInvis +     b - +0 blowgun
rCold  + + .     Clarity  .     c - +0 robe
rNeg   + + +     SustAt   .     (no shield)
rPois  +         Gourm    .     y - +0 helmet
rElec  .         Spirit   .     h - +0 cloak
rCorr  .         Warding  .     s - +0 pair of gloves
rMut   .         Stasis   .     (no boots)
MR     +....                    (no amulet)
Stlth  ++++......               (no ring)
                                p - ring of protection from magic

@: regenerating slowly, somewhat resistant to hostile enchantments, stealthy
A: fangs 3, see invisible, unbreathing
a: Bat Form


You were on level 3 of the Dungeon.
You were near bloodless.

You visited 1 branch of the dungeon, and saw 3 of its levels.

You collected 69 gold pieces.

Inventory:

Hand weapons
 a - a +3 dagger
 b - a +0 blowgun (weapon)
Missiles
 e - 15 poisoned needles (quivered)
 f - 2 curare-tipped needles
Armour
 c - a +0 robe (worn)
 d - a +0 cloak
 h - a +0 cloak (worn)
 s - a +0 pair of gloves (worn)
 v - a +0 helmet
 y - a +0 helmet (worn)
Jewellery
 p - a ring of protection from magic (left hand)
Magical devices
 u - a wand of enslavement (13)
Scrolls
 i - 2 scrolls of fog
 o - a scroll of enchant weapon
 q - a scroll of remove curse
 t - a scroll of noise {unknown}
 w - 3 scrolls of identify {unknown}
 x - a scroll of immolation {unknown}
Potions
 g - 8 potions of blood
 j - 2 potions of invisibility {unknown}
 k - 3 potions of lignification {unknown}
 l - 2 potions of might {unknown}
 m - 2 potions of degeneration {unknown}
 n - a potion of mutation {unknown}
 z - a potion of heal wounds {unknown}
 A - a potion of flight {unknown}


   Skills:
 + Level 2.2 Fighting
 + Level 1.3 Short Blades
 + Level 1.7 Throwing
 + Level 2.5 Dodging
 + Level 7.4 Stealth


You had 3 spell levels left.
You didn't know any spells.

Dungeon Overview and Level Annotations

Branches:
Dungeon (3/15)

Altars:
Makhleb
Qazlal
Ru


Innate Abilities, Weirdness & Mutations

You heal slowly.
You have razor-sharp teeth.
You have supernaturally acute eyesight.
You can survive without breathing.


Message History

Aim: an ogre, wielding a giant spiked club (moderately wounded, poisoned)
Okay, then.
Unknown command.
Unknown command.
The gnoll looks more healthy.
The gnoll hits you from afar with a halberd of chopping!
* * * LOW HITPOINT WARNING * * *
x2 Firing (i - inventory. (,) - cycle):
e - 17 poisoned needles (quivered)
Press: ? - help, Shift-Dir - straight line, f - gnoll, p - ogre
Aim: a gnoll, wielding a spear You shoot a poisoned needle.
The poisoned needle completely misses the gnoll.
The gnoll misses you.
Firing (i - inventory. (,) - cycle):
e - 16 poisoned needles (quivered)
Press: ? - help, Shift-Dir - straight line, f/p - gnoll
Aim: a gnoll, wielding a spear You shoot a poisoned needle.
The poisoned needle barely misses the gnoll.
The gnoll hits you from afar with a spear.
You die...

#. ...#.# ##.###...#.
#......... .
#........ ..
#...........S
#............#
###.(...##......
........@..#.(..#
...#.....#.##...#
......gOg#.# #O.##
....##(.##.###...#
.........gO.##.#.####
######..)g.....<....#
##...<.........####
#.†...............##
#.............(.....


You could see an ogre, 2 gnolls and an adder.

Vanquished Creatures
  Robin (D:2)
  2 adders (D:2)
  2 gnolls (D:3)
  A giant gecko (D:2)
  6 bats
  4 giant cockroaches
  8 goblins
  8 hobgoblins
  A quokka (D:2)
  A ball python (D:1)
  5 giant newts
  3 jackals (D:1)
  5 kobolds
  5 rats
52 creatures vanquished.

Notes
Turn   | Place    | Note
--------------------------------------------------------------
     0 | D:1      | lauthentik the Vampire Assassin began the quest for the Orb.
     0 | D:1      | Reached XP level 1. HP: 16/16 MP: 1/1
    27 | D:1      | Reached skill level 6 in Stealth
    71 | D:1      | Reached XP level 2. HP: 12/22 MP: 2/2
   548 | D:1      | Reached skill level 7 in Stealth
   749 | D:2      | Found a stormy altar of Qazlal.
   772 | D:2      | Reached XP level 3. HP: 7/27 MP: 3/3
  1049 | D:2      | Noticed Robin
  1090 | D:2      | Killed Robin
  1316 | D:2      | Reached XP level 4. HP: 18/33 MP: 4/4
  1859 | D:2      | Found a burning altar of Makhleb.
  1859 | D:2      | Found a sacrificial altar of Ru.
  2257 | D:3      | Reached skill level 1 in Short Blades
  2260 | D:3      | Noticed an ogre
  2277 | D:3      | Slain by a gnoll

Vault maps used:
D:1:      roderic_crossed_star, minmay_misc_feat_five
D:2:      grunt_qazlal_clouds, gammafunk_temple_overflow_wave, first_bread,
          kennysheep_generic_room_16, uniq_robin
D:3:      kennysheep_goblin_castle

Action                   |  1- 3 |  4- 6 || total
-------------------------+-------+-------++-------
Melee: Dagger            |   125 |    42 ||   167
 Fire: Blowgun           |     6 |     7 ||    13
  Use: Scroll            |       |     5 ||     5
 Stab: Sleeping          |    13 |     4 ||    17
       Distracted        |     1 |       ||     1
